 Dungeon Crawl Stone Soup version 0.20.1-1-g8b1a95d (webtiles) character file.

17964 tidbits the Fighter (level 11, -4/160 HPs)
             Began as a Demigod Transmuter on Aug 11, 2017.
             Slain by a green ugly thing (9 damage)
             ... on level 12 of the Dungeon.
             The game lasted 01:02:11 (6121 turns).

tidbits the Fighter (Demigod Transmuter)            Turns: 6121, Time: 01:02:12

Health: -4/160     AC: 29    Str: 31    XL:     11   Next: 97%
Magic:  26/26      EV: 12    Int: 19    God:
Gold:   743        SH:  0    Dex: 16    Spells: 9/14 levels left

rFire    + . .     SeeInvis +   a - +8 dagger of Crusades {pierce, rF+ Str+4}
rCold    . . .     Gourm    .   (no shield)
rNeg     . . .     Faith    .   u - +10 plate armour "Publous" {SInv Stlth+}
rPois    .         Spirit   .   A - +2 hat
rElec    .         Reflect  .   (no cloak)
rCorr    .         Harm     .   G - +1 pair of gloves
MR       +....     Rnd*Rage +   F - +1 pair of boots
Stlth    ..........             Y - amulet of rage
Regen    0.4/turn               J - ring of magical power
MPRegen  0.2/turn               D - +5 ring of strength

@: berserking (expiring), very quick
A: berserk 1, high mp 1, wild magic 1
a: Evoke Berserk Rage


You were on level 12 of the Dungeon.
You were not hungry.

You visited 2 branches of the dungeon, and saw 13 of its levels.

You collected 743 gold pieces.

Inventory:

Hand Weapons
 a - the +8 dagger of Crusades (weapon) {pierce, rF+ Str+4}
   (You found it on level 4 of the Dungeon)

   It inflicts extra damage upon your enemies.
   It affects your strength (+4).
   It protects you from fire.
 g - a +4 scimitar of flaming
   (You took it off Erica on level 7 of the Dungeon)
 l - the +8 hand axe of Kindness {freeze, *Corrode Int+6 Dex+3}
   (You found it on level 9 of the Dungeon)

   It has been specially enchanted to freeze those struck by it, causing extra
   injury to most foes and up to half again as much damage against particularly
   susceptible opponents.
   It can also slow down cold-blooded creatures.
   It affects your intelligence (+6).
   It affects your dexterity (+3).
   It may corrode you when you take damage.
 M - the +5 whip of the Messenger {antimagic, rF+ rC- Str+2 Int+3}
   (You found it on level 8 of the Dungeon)

   It reduces the magical energy of the wielder, and disrupts the spells and
   magical abilities of those hit.
   Natural abilities and divine invocations are not affected.
   It affects your strength (+2).
   It affects your intelligence (+3).
   It protects you from fire.
   It makes you vulnerable to cold.
Missiles
 b - 233 arrows
 h - 347 stones (quivered)
 C - 86 poisoned needles
 U - 16 tomahawks
Armour
 u - the +10 plate armour "Publous" (worn) {SInv Stlth+}
   (You found it on level 6 of the Dungeon)

   It lets you see invisible.
   It makes you more stealthy.
 A - a +2 hat (worn)
 E - a +0 helmet
 F - a +1 pair of boots (worn)
 G - a +1 pair of gloves (worn)
 X - a +2 robe of the Archmagi
   (You took it off Psyche on level 9 of the Dungeon)
Jewellery
 f - an uncursed amulet of guardian spirit
   (You found it on level 1 of the Dungeon)
 x - an uncursed ring of flight
   (You found it on level 4 of the Dungeon)
 D - a +5 ring of strength (right hand)
   (You found it on level 6 of the Dungeon)
 J - a ring of magical power (left hand)
   (You found it on level 11 of the Dungeon)
 K - an uncursed ring of resist corrosion
   (You took it off a centaur warrior on level 12 of the Dungeon)
 W - an uncursed ring of wizardry
   (You found it on level 11 of the Dungeon)
 Y - an amulet of rage (around neck)
   (You found it on level 11 of the Dungeon)
Wands
 m - a wand of polymorph (8/24)
 o - a wand of flame (11/48)
 H - a wand of paralysis (5/24)
 I - a wand of paralysis (11/24)
 R - a wand of flame (12/48)
 V - a wand of random effects (6/48)
Scrolls
 e - a scroll of remove curse
 j - a scroll of immolation
 q - 2 scrolls of amnesia
 r - 6 scrolls of teleportation
 z - 2 scrolls of fog
 T - 2 scrolls of fear
 Z - 2 scrolls of magic mapping {unknown}
Potions
 i - 3 potions of lignification
 k - a potion of resistance {unknown}
 n - a potion of mutation {!q}
 t - 3 potions of brilliance
 v - 2 potions of heal wounds
 w - 3 potions of flight
 L - a potion of berserk rage {unknown}
 O - 2 potions of curing
 P - a potion of magic {unknown}
 Q - 2 potions of ambrosia
 S - 2 potions of haste
Books
 c - a book of Changes

   Spells                             Type                      Level
   a - Beastly Appendage              Transmutation                1
   b - Sticks to Snakes               Transmutation                2
   c - Spider Form                    Transmutation/Poison         3
   d - Ice Form                       Ice/Transmutation            4
   e - Blade Hands                    Transmutation                5
Comestibles
 d - 6 bread rations
 p - 4 royal jellies
 s - 7 meat rations
 N - 16 fruits


   Skills:
 + Level 13.0 Fighting
 - Level 6.5 Armour
 - Level 7.7 Dodging
 - Level 6.2 Unarmed Combat
 - Level 2.0 Spellcasting
 - Level 4.8 Transmutations
 - Level 4.0 Evocations


You had 9 spell levels left.
You knew the following spells:

 Your Spells              Type           Power        Failure   Level  Hunger
k - Sticks to Snakes      Tmut           ####....     36%         2    ###....
p - Spider Form           Tmut/Pois      ##........   88%         3    ###....


Dungeon Overview and Level Annotations

Branches:
Dungeon (12/15)              Lair (1/6) D:10            Orc (0/2) D:11
 Temple: D:4-7

Shops:
D:11 (

Annotations:
D:4 bgiannan's ghost, amateur HOMo


Innate Abilities, Weirdness & Mutations

You have an increased reservoir of magic. (+10% MP)
You tend to lose your temper in combat.
Your spells are a little harder to cast, but a little more powerful.


Message History

You hit the cyclops.
The cyclops is severely wounded.
You feel a little less agile now. The cyclops hits you!
* * * LOW HITPOINT WARNING * * *
You puncture the cyclops!
The cyclops is almost dead.
The cyclops hits you but does no damage.
You hit the cyclops.
You kill the cyclops!
You recover from your berserk rage.
Things that are here:
4 large rocks; a cyclops corpse The ice beast closely misses you.
You hit the ice beast.
The ice beast is moderately wounded.
The ice beast hits you but does no damage.
Your plate armour "Publous" prevents you from hitting the ice beast.
The ice beast is moderately wounded.
The ice beast misses you.
You closely miss the ice beast.
The ice beast is moderately wounded.
The ice beast hits you but does no damage.
You puncture the ice beast!
The ice beast is almost dead.
The ice beast barely misses you.
A cyan ugly thing comes into view.
The cyan ugly thing gurgles horribly!
You puncture the ice beast!
You kill the ice beast!
Found a scroll of teleportation, a meat ration and a potion of heal wounds.
A bullfrog comes into view.
Found 21 stones and 15 gold pieces.
Found a scroll of remove curse and a royal jelly.
You hit the cyan ugly thing.
The cyan ugly thing is lightly wounded.
The cyan ugly thing kicks you but does no damage.
You hit the cyan ugly thing.
The cyan ugly thing is lightly wounded.
The cyan ugly thing kicks you but does no damage.
You puncture the cyan ugly thing!
The cyan ugly thing is moderately wounded.
The cyan ugly thing kicks you but does no damage.
You barely miss the cyan ugly thing.
The cyan ugly thing is moderately wounded.
The cyan ugly thing kicks you.
* * * LOW HITPOINT WARNING * * *
The cyan ugly thing shocks you!
* * * LOW HITPOINT WARNING * * *
You closely miss the cyan ugly thing.
The cyan ugly thing is moderately wounded.
The cyan ugly thing closely misses you.
A red film seems to cover your vision as you go berserk!
You feel yourself moving faster!
You feel mighty!
You feel a lot more hungry. The cyan ugly thing kicks you.
* * * LOW HITPOINT WARNING * * *
The cyan ugly thing shocks you!
* * * LOW HITPOINT WARNING * * *
You puncture the cyan ugly thing!
The cyan ugly thing is moderately wounded.
The cyan ugly thing barely misses you.
You puncture the cyan ugly thing!
The cyan ugly thing is severely wounded.
The cyan ugly thing kicks you but does no damage.
You puncture the cyan ugly thing! Your punch misses the cyan ugly thing.
The cyan ugly thing is almost dead.
A green ugly thing comes into view.
You closely miss the cyan ugly thing.
The cyan ugly thing is almost dead.
The green ugly thing gurgles horribly!
The cyan ugly thing kicks you!
* * * LOW HITPOINT WARNING * * *
The cyan ugly thing shocks you!
* * * LOW HITPOINT WARNING * * *
Unknown command.
You hit the cyan ugly thing.
The cyan ugly thing is almost dead.
The cyan ugly thing misses you.
You hit the cyan ugly thing.
You kill the cyan ugly thing!
Your Fighting skill increases to level 13!
You hit the bullfrog.
The bullfrog is moderately wounded.
The bullfrog hits you but does no damage.
You closely miss the bullfrog.
The bullfrog is moderately wounded.
The bullfrog closely misses you.
You closely miss the bullfrog.
The bullfrog is moderately wounded.
The bullfrog hits you but does no damage.
You closely miss the bullfrog.
The bullfrog is moderately wounded.
The bullfrog barely misses you.
You barely miss the bullfrog. Your punch misses the bullfrog.
The bullfrog is moderately wounded.
The bullfrog hits you but does no damage.
You puncture the green ugly thing!
The green ugly thing is moderately wounded.
The bullfrog barely misses you. The green ugly thing kicks you!
You die...

#..#### ... ... #.9#..#
... W).|9.##..#......
#.:.# #.### ..... .#.#
#...# ....
##.#####.#####.## #%#
....#....[##.#.#
##!.%####.###.....#..#..
...?..u@F...........#/#.
##$.(####.###)..).#.#=#.
#?# #.....#.....##.).#
###(#####.#####.##
##.##.....##..(. ###
##.#.###.###.)# ...
#...#.#...#.#.
#.##.##.#.#.##..## #.##
#.....#....#


You could see a green ugly thing and a bullfrog.

Vanquished Creatures
  Erica (D:7)
  A centaur warrior (D:12)
  A tengu warrior (D:12)
  4 two-headed ogres
  2 necromancers (D:9)
  An orc knight (D:10)
  2 ugly things (D:12)
  A deep elf mage (D:12)
  A cyclops (D:12)
  2 centaur skeletons
  Psyche (D:9)
  A gargoyle (D:12)
  A kobold demonologist (D:12)
  2 trolls (D:11)
  2 slime creatures (D:12)
  3 flying skulls (D:9)
  2 wraiths (D:9)
  2 shadows (D:9)
  2 wyverns
  8 yaks
  2 vampire mosquitoes (D:12)
  A steam dragon (D:11)
  A hungry ghost (D:12)
  A soldier ant (D:11)
  An acid dragon (D:12)
  A water moccasin (D:9)
  9 orc warriors
  2 phantoms
  4 ice beasts
  A sky beast (D:10)
  A boggart (D:12)
  5 ogres
  7 centaurs
  5 big kobolds
  3 bullfrogs
  A wyvern zombie (D:9)
  3 scorpions
  6 killer bees
  4 wights
  4 howler monkeys
  3 crimson imps
  A centaur zombie (D:9)
  4 bullfrog zombies
  4 bullfrog skeletons
  5 orc priests
  6 hounds
  8 orc wizards
  3 iguanas
  4 worker ants
  A killer bee zombie (D:9)
  A hound zombie (D:9)
  2 worker ant zombies (D:9)
  3 gnolls (D:4)
  7 adders
  4 shadow imps
  4 adder skeletons
  An adder zombie (D:9)
  A worm (D:4)
  A dart slug (D:3)
  5 leopard geckos
  35 orcs
  2 ball pythons
  6 giant cockroaches
  4 hobgoblins
  4 jackals
  7 quokkas
  4 bats
  4 goblins
  14 kobolds
  A leopard gecko skeleton (D:9)
  A leopard gecko zombie (D:9)
  A quokka skeleton (D:9)
  4 rats
257 creatures vanquished.

Vanquished Creatures (collateral kills)
  A yak (D:10)
  A wyvern skeleton (D:10)
  A hound (D:3)
  An adder (D:2)
  2 worms
  An orc (D:4)
7 creatures vanquished.

Vanquished Creatures (others)
  An orc wizard (D:10)
1 creature vanquished.

Grand Total: 265 creatures vanquished

Notes
Turn   | Place    | Note
-------+----------+-------------------------------------------
     0 | D:1      | tidbits the Demigod Transmuter began the quest for the Orb.
     0 | D:1      | Reached XP level 1. HP: 15/15 MP: 5/5
   228 | D:1      | Reached skill level 3 in Unarmed Combat
   333 | D:2      | Reached XP level 2. HP: 14/22 MP: 2/7
   337 | D:2      | Learned a level 2 spell: Sticks to Snakes
   342 | D:2      | Found a blossoming altar of Fedhas.
   353 | D:2      | Found a stormy altar of Qazlal.
   697 | D:3      | Reached skill level 4 in Unarmed Combat
   697 | D:3      | Reached XP level 3. HP: 12/27 MP: 1/8
   983 | D:3      | Reached skill level 2 in Spellcasting
   988 | D:3      | Learned a level 3 spell: Spider Form
  1024 | D:3      | Reached skill level 2 in Transmutations
  1116 | D:4      | Reached XP level 4. HP: 28/34 MP: 2/9
  1139 | D:4      | Reached skill level 3 in Transmutations
  1343 | D:4      | Reached XP level 5. HP: 24/39 MP: 1/10
  1379 | D:4      | Noticed bgiannan's ghost (amateur HOMo)
  1381 | D:4      | Reached skill level 5 in Unarmed Combat
  1534 | D:5      | Entered Level 5 of the Dungeon
  1603 | D:6      | Got a slimy plate armour
  1614 | D:6      | Identified the +10 plate armour "Publous" {SInv Stlth+} (You found it on level 6 of the Dungeon)
  1700 | D:6      | Reached XP level 6. HP: 22/46 MP: 6/11
  1802 | D:6      | Reached skill level 6 in Unarmed Combat
  1986 | D:4      | Got a scorched dagger
  1987 | D:4      | Identified the +8 dagger of Crusades {pierce, rF+ Str+4} (You found it on level 4 of the Dungeon)
  1991 | D:4      | Reached skill level 1 in Fighting
  2067 | D:5      | Reached skill level 1 in Armour
  2076 | D:5      | Reached skill level 2 in Fighting
  2104 | D:5      | Reached skill level 2 in Armour
  2104 | D:5      | Reached XP level 7. HP: 23/56 MP: 8/13
  2288 | D:5      | Gained mutation: Your spells are a little harder to cast, but a little more powerful. [potion of mutation]
  2297 | D:5      | Reached skill level 3 in Fighting
  2361 | D:5      | Found a sacrificial altar of Ru.
  2416 | D:7      | Noticed a wyvern
  2433 | D:7      | Killed a wyvern
  2433 | D:7      | Reached skill level 4 in Fighting
  2441 | D:7      | Reached skill level 5 in Fighting
  2524 | D:8      | Noticed Erica
  2538 | D:7      | Killed Erica
  2538 | D:7      | Reached skill level 6 in Armour
  2538 | D:7      | Reached XP level 8. HP: 28/68 MP: 11/14
  2723 | D:6      | Found a sparkling altar of Nemelex Xobeh.
  2734 | D:6      | Reached skill level 2 in Dodging
  2963 | D:8      | Reached skill level 3 in Dodging
  3037 | D:8      | Got a crystal whip
  3038 | D:8      | Identified the +5 whip of the Messenger {antimagic, rF+ rC- Str+2 Int+3} (You found it on level 8 of the Dungeon)
  3145 | D:8      | Reached skill level 4 in Dodging
  3278 | D:8      | Reached XP level 9. HP: 67/74 MP: 15/15
  3346 | D:9      | Reached skill level 6 in Fighting
  3403 | D:9      | Noticed Psyche
  3422 | D:9      | Killed Psyche
  3422 | D:9      | Reached skill level 7 in Fighting
  3444 | D:10     | Entered Level 10 of the Dungeon
  3579 | D:8      | Lost mutation: Your spells are a little harder to cast, but a little more powerful. [potion of mutation]
  3579 | D:8      | Gained mutation: You tend to lose your temper in combat. [potion of mutation]
  3579 | D:8      | Gained mutation: Your spells are a little harder to cast, but a little more powerful. [potion of mutation]
  3589 | D:9      | Noticed a two-headed ogre
  3606 | D:9      | Killed a two-headed ogre
  3606 | D:9      | Reached skill level 8 in Fighting
  3654 | D:9      | Noticed a necromancer
  3686 | D:9      | Killed a necromancer
  3686 | D:9      | Reached skill level 9 in Fighting
  3706 | D:9      | Got a smoking hand axe
  3717 | D:9      | Reached XP level 10. HP: 50/91 MP: 16/16
  3757 | D:9      | Noticed a necromancer
  3776 | D:9      | Killed a necromancer
  3776 | D:9      | Reached skill level 10 in Fighting
  3879 | D:9      | Found a deep blue altar of Sif Muna.
  3882 | D:9      | Found a hazy altar of Hepliaklqana.
  3902 | D:9      | Found a sparkling altar of Nemelex Xobeh.
  3905 | D:9      | Found a shimmering altar of Xom.
  4113 | D:10     | Reached skill level 4 in Transmutations
  4301 | D:10     | Reached skill level 1 in Evocations
  4320 | D:10     | Noticed a two-headed ogre
  4339 | D:10     | Killed a two-headed ogre
  4339 | D:10     | Reached skill level 3 in Evocations
  4402 | D:10     | Reached skill level 4 in Evocations
  4500 | D:10     | Reached skill level 5 in Dodging
  4654 | D:11     | Found a staircase to the Orcish Mines.
  4655 | D:11     | Found Nikokh's Weapon Boutique.
  4710 | D:11     | Reached skill level 6 in Dodging
  4819 | D:11     | Reached XP level 11. HP: 32/100 MP: 17/17
  4902 | D:11     | Noticed a six-headed hydra
  5008 | D:12     | Noticed a two-headed ogre
  5017 | D:12     | Noticed a two-headed ogre
  5034 | D:12     | Reached skill level 7 in Dodging
  5048 | D:12     | Killed a two-headed ogre
  5095 | D:12     | Noticed a two-headed ogre
  5106 | D:12     | Killed a two-headed ogre
  5133 | D:12     | Noticed a centaur warrior
  5162 | D:12     | Killed a centaur warrior
  5162 | D:12     | Reached skill level 11 in Fighting
  5232 | D:12     | Noticed an ettin
  5432 | D:10     | Found a staircase to the Lair.
  5472 | Lair:1   | Entered Level 1 of the Lair of Beasts
  5472 | Lair:1   | Noticed a five-headed hydra
  5503 | D:10     | Found a runed door.
  5511 | D:10     | Noticed an orc knight
  5527 | D:10     | Killed an orc knight
  5578 | D:10     | Found a roughly hewn altar of Beogh.
  5782 | D:11     | Identified the +8 hand axe of Kindness {freeze, *Corrode Int+6 Dex+3} (You found it on level 9 of the Dungeon)
  5808 | D:12     | Noticed a deep elf archer
  5927 | D:12     | Reached skill level 12 in Fighting
  6009 | D:12     | Noticed a tengu warrior
  6056 | D:12     | Killed a tengu warrior
  6113 | D:12     | HP: 15/159 [cyan ugly thing (10)]
  6113 | D:12     | HP: 3/159 [cyan ugly thing (12)]
  6115 | D:12     | Reached skill level 13 in Fighting
  6121 | D:12     | Slain by a green ugly thing

Skill      XL: |  1  2  3  4  5  6  7  8  9 10 11 |
---------------+----------------------------------+-----
Unarmed Combat | 3 4 5 6 |  6.2
Spellcasting   | 2 |  2.0
Transmutations | 2 3 4 |  4.8
Fighting       | 2 5 9 10 13 | 13.0
Armour         | 2 6 |  6.5
Dodging        | 4 6 7 |  7.7
Evocations     | 4 |  4.0

Action                   |  1- 3 |  4- 6 |  7- 9 | 10-12 || total
-------------------------+-------+-------+-------+-------++-------
Melee: Unarmed           |    84 |   118 |       |       ||   202
       Kick              |     6 |     1 |       |       ||     7
       Headbutt          |     3 |       |       |       ||     3
       Punch             |     1 |     5 |     8 |    29 ||    43
       Dagger            |       |    32 |   305 |   772 ||  1109
 Cast: Beastly Appendage |    17 |     1 |       |       ||    18
       Sticks to Snakes  |    10 |     4 |       |     8 ||    22
       Spider Form       |     1 |     6 |       |       ||     7
 Abil: Evoke Berserk Rag |       |       |       |     4 ||     4
Evoke: Wand              |       |       |     7 |     6 ||    13
  Use: Scroll            |       |     2 |    13 |    14 ||    29
       Potion            |       |       |     3 |     2 ||     5
 Stab: Distracted        |     1 |       |       |     1 ||     2
       Sleeping          |     1 |       |       |       ||     1
       Paralysed         |       |       |     8 |     5 ||    13
  Eat: Chunk             |     2 |     5 |     3 |     7 ||    17
       Fruit             |       |       |     3 |     9 ||    12
       Royal jelly       |       |       |       |     2 ||     2
       Meat ration       |       |       |       |     1 ||     1
Armor: Robe              |     7 |       |       |       ||     7
       Leather armour    |     3 |     5 |       |       ||     8
       Skin              |     1 |     3 |       |       ||     4
       Plate armour      |       |    66 |   218 |   553 ||   837
Dodge: Dodged            |    51 |    46 |   135 |   488 ||   720

Table legend:
 A = Turns spent in this place as a percentage of turns spent in the entire game.
 B = Non-inter-level travel turns spent in this place as a percentage of non-inter-level travel turns spent in the entire game.
 C = Inter-level travel turns spent in this place as a percentage of turns spent in this place.
 D = Turns resting spent in this place as a percentage of non-inter-level travel turns spent in this place.
 E = Turns spent auto-exploring this place as a percentage of non-inter-level travel turns spent in this place.
 F = Non-inter-level travel turns spent in this place divided by the number of levels of this place that you've seen.
                   A       B       C       D       E      F
               +-------+-------+-------+-------+-------+----------------------
         Total | 100.0 | 100.0 |   0.1 |   0.0 |   0.0 | 455.7
       Dungeon | 100.0 | 100.0 |   0.1 |   0.0 |   0.0 | 493.6
          Lair |   0.0 |   0.0 |   0.0 |   0.0 |   0.0 |   1.0
               +-------+-------+-------+-------+-------+----------------------

Table legend:
 A = Kills in this place as a percentage of kills in entire the game.
 B = Kills by you in this place as a percentage of kills by you in the entire game.
 C = Kills by friends in this place as a percentage of kills by friends in the entire game.
 D = Other kills in this place as a percentage of other kills in the entire game.
 E = Experience gained in this place as a percentage of experience gained in the entire game.
 F = Experience gained in this place divided by the number of levels of this place that you have seen.
                   A       B       C       D       E      F
               +-------+-------+-------+-------+-------+----------------------
         Total | 100.0 | 100.0 | 100.0 | 100.0 | 100.0 | 1974.2
       Dungeon | 100.0 | 100.0 | 100.0 | 100.0 | 100.0 | 2138.7
               +-------+-------+-------+-------+-------+----------------------

Vault maps used:
D:1:      minmay_arrival_four_circles, minmay_misc_feat_encased
D:2:      grunt_temple_overflow_forces_of_nature, makhleb_grotto_becter
D:3:      first_bread
D:4:      wad_floor_pattern_1, minmay_misc_feat_pillars
D:5:      lemuel_coloured_pillars_altar
D:6:      nemelex_xobeh_ov_fountains_minmay
D:7:      nicolae_overflow_quartered_altars, minmay_temple_entry_from_below_a
D:8:      blue_anna_alchemist, uniq_erica
D:9:      hangedman_screamer, grunt_temple_overflow_cloverleaf,
          minmay_curled_crystal, uniq_psyche, uniq_gastronok
D:10:     kennysheep_six_static_rooms, nrook_mini_vaults,
          lightli_church_of_beogh
D:11:     orc_david_3
D:12:     minmay_the_grid_square_5x5_5x5
Lair:1:   st_stairs_12
